 Dungeon Crawl Stone Soup version 0.24-a0-736-g4e6fe308c7 (webtiles) character file.

Game seed: 9286781394707053164, levelgen mode: deterministic

39903 Kisielow the Basher (level 14, -1/90 HPs)
             Began as a Gargoyle Fighter on Sept 29, 2019.
             Was an Elder of Qazlal.
             Splashed by an oklob plant's acid (12 damage)
             ... on level 6 of the Lair of Beasts on Oct 2, 2019.
             The game lasted 00:29:36 (16245 turns).

Kisielow the Basher (Gargoyle Fighter)             Turns: 16245, Time: 00:29:38

Health: -1/90      AC: 18    Str: 36    XL:     14   Next: 8%
Magic:  0/19       EV:  7    Int:  9    God:    Qazlal [****..]
Gold:   1280       SH: 20    Dex: 13    Spells: 13/13 levels left

rFire    . . .     SeeInvis .   v - +2 flail (elec)
rCold    . . .     Gourm    .   c - +1 shield
rNeg     + . .     Faith    .   b - +0 plate armour
rPois    ∞         Spirit   +   P - +1 helmet of Fedarchy {Str+7 Dex+4}
rElec    +         Reflect  .   z - +0 cloak {MR+}
rCorr    .         Harm     .   (no gloves)
MR       ++...                  (no boots)
Stlth    ..........             L - amulet of guardian spirit
HPRegen  0.25/turn              i - +4 ring of strength
MPRegen  0.16/turn              x - +1 ring of protection

@: corroded, very slightly contaminated, repel missiles
A: big wings, negative energy resistance 1, electricity resistance, unbreathing,
petrification resistance, rot immunity, AC +10
a: Fly, Upheaval, Elemental Force, Renounce Religion


You were on level 6 of the Lair of Beasts.
You worshipped Qazlal.
Qazlal was greatly pleased with you.
You were not hungry.

You visited 3 branches of the dungeon, and saw 16 of its levels.

You collected 1280 gold pieces.

Inventory:

Hand Weapons
 t - a +1 flail of protection
 v - a +2 flail of electrocution (weapon)
Armour
 b - a +0 plate armour (worn)
 c - a +1 shield (worn)
 z - a +0 cloak of magic resistance (worn)
 H - a +1 hat of magic resistance
 P - the +1 helmet of Fedarchy (worn) {Str+7 Dex+4}
   (You found it on level 4 of the Lair of Beasts)

   It affects your strength (+7).
   It affects your dexterity (+4).
Jewellery
 e - an uncursed amulet of magic regeneration
 i - a +4 ring of strength (left hand)
 q - an uncursed ring of magical power
 x - a +1 ring of protection (right hand)
 E - an uncursed ring of see invisible
 L - an amulet of guardian spirit (around neck)
Wands
 m - a wand of flame (14)
 y - a wand of iceblast (1)
 B - a wand of digging (6)
 D - a wand of enslavement (7)
 I - a wand of disintegration (21)
 K - a wand of random effects (14)
Scrolls
 o - 2 scrolls of teleportation
 A - 3 scrolls of remove curse
 C - a scroll of fear
 J - 2 scrolls of enchant armour
 N - a scroll of identify
 O - a scroll of enchant weapon
 R - a scroll of immolation {unknown}
Potions
 a - a potion of ambrosia
 d - 2 potions of might
 j - 4 potions of curing
 k - a potion of cancellation
 l - 2 potions of invisibility {unknown}
 n - 4 potions of agility
 p - a potion of heal wounds
 r - 3 potions of brilliance
 s - 5 potions of mutation
 u - a potion of magic {unknown}
 w - a potion of resistance
 F - a potion of berserk rage
 Q - a potion of lignification {unknown}
Miscellaneous
 M - a lightning rod (4/4)
Comestibles
 f - 31 rations
 G - 18 chunks of flesh


   Skills:
 + Level 11.1 Fighting
 * Level 13.9 Maces & Flails
 + Level 11.0 Armour
 + Level 11.0 Shields
 - Level 7.1 Invocations
 - Level 7.0 Evocations


You had 13 spell levels left.
You didn't know any spells.
Your spell library contained the following spells:

 Spells                   Type           Power        Failure   Level  Hunger
 Beastly Appendage        Tmut           #.....       98%         1    ##.....
 Confusing Touch          Hex            #.....       98%         1    ##.....
 Infusion                 Chrm           #...         98%         1    ##.....
 Magic Dart               Conj           #...         98%         1    ##.....
 Shock                    Conj/Air       #...         98%         1    ##.....
 Searing Ray              Conj           #.....       99%         2    ###....
 Shroud of Golubria       Chrm/Tloc      #.....       99%         2    ###....
 Song of Slaying          Chrm           #.......     99%         2    ###....
 Sticks to Snakes         Tmut           #.......     99%         2    ###....
 Swiftness                Chrm/Air       #.......     99%         2    ###....
 Confuse                  Hex            #.......     100%        3    ####...
 Dazzling Spray           Conj/Hex       #.....       100%        3    ####...
 Gell's Gravitas          Tloc           #.........   100%        3    ####...
 Regeneration             Chrm/Necr      #.........   100%        3    ####...
 Spectral Weapon          Hex/Chrm       #.......     100%        3    ####...
 Spider Form              Tmut/Pois      #.........   100%        3    ####...
 Static Discharge         Conj/Air       #.......     100%        3    ####...
 Airstrike                Air            #.........   100%        4    #####..
 Force Lance              Conj/Tloc      #.......     100%        4    #####..
 Fulminant Prism          Conj/Hex       #.........   100%        4    #####..
 Ice Form                 Ice/Tmut       #.......     100%        4    #####..
 Iskenderun's Mystic Bla  Conj           #.......     100%        4    #####..
 Petrify                  Tmut/Erth      #.......     100%        4    #####..
 Blade Hands              Tmut           #.........   100%        5    ######.
 Bolt of Magma            Conj/Fire/Erth #.........   100%        5    ######.
 Iskenderun's Battlesphe  Conj/Chrm      #.......     100%        5    ######.
 Lightning Bolt           Conj/Air       #.........   100%        5    ######.
 Metabolic Englaciation   Hex/Ice        #.........   100%        5    ######.
 Venom Bolt               Conj/Pois      #.........   100%        5    ######.
 Yara's Violent Unravell  Hex/Tmut       #.........   100%        5    ######.
 Iron Shot                Conj/Erth      #.........   100%        6    #######
 Orb of Destruction       Conj           #.........   100%        7    #######
 Spellforged Servitor     Conj/Summ      #.........   100%        7    #######


Dungeon Overview and Level Annotations

Branches:
Dungeon (9/15)             Temple (1/1) D:7            Lair (6/6) D:9
  Swamp (0/4) Lair:3        Snake (0/4) Lair:2        Slime (0/5) Lair:6
    Orc: D:9-12

Altars:
Ashenzari
Cheibriados
Dithmenos
Elyvilon
Fedhas
Gozag
Hepliaklqana
Kikubaaqudgha
Makhleb
Nemelex Xobeh
Okawaru
Qazlal
Ru
Sif Muna
Trog
Uskayaw
Vehumet
Wu Jian
Xom
Yredelemnul
Zin
The Shining One

Annotations:
Lair:6 exclusion: oklob plant


Innate Abilities, Weirdness & Mutations

You are resistant to torment.
Your stone body is resilient. (AC +10)
You are immune to poison.
Your large and strong wings let you fly indefinitely.
You resist negative energy. (rN+)
You are resistant to electric shocks. (rElec)
You can survive without breathing.
You are immune to petrification.
You are immune to rotting.


Message History

Press: ? - help, Dir - move target cursor, f/p - oklob plant
Aim: an oklob plant (moderately damaged, encased in ice) Magma suddenly erupts from the ground!
The blast of magma engulfs the oklob plant!!
The oklob plant is severely damaged.
The oklob plant spits acid at you. The splash of acid hits you!
* * * LOW HITPOINT WARNING * * *
You are splashed with acid!
* * * LOW HITPOINT WARNING * * *
You don't have enough magic at the moment.
Okay, then.
As you read the scroll of fog, it crumbles to dust.
The scroll dissolves into smoke.
You block the wolf's attack. The wolf bites you.
* * * LOW HITPOINT WARNING * * *
The oklob plant spits acid at you.
The splash of acid hits you but does no damage.
You are splashed with acid!
You die...

#...........#
#......
##.........#
#...... #
#.........##
##.....
#.#...../..## .
##....
...........##..
.##...
...............
.......
$.....☼○.°......
.......
.......h○§§...^..
.......
......h@§§......
.......
......§§§§......
.......
......>○≈......
.......
#......P....#..
.##.###
#......≈...## #
## # ##........#.
##(.P.#..###
##### ###


You could see an oklob plant and 2 wolves.

Vanquished Creatures
  Gastronok (Lair:1)
  Josephine (Lair:6)
  A catoblepas (Lair:4)
  5 hydras
  A two-headed ogre (D:8)
  An oklob plant (Lair:6)
  5 elephants (Lair:4)
  Maurice (D:9)
  Joseph (D:7)
  6 black mambas
  A rime drake (Lair:5)
  7 spiny frogs
  5 komodo dragons
  A troll (D:9)
  5 hornets
  5 polar bears
  15 blink frogs
  5 hippogriffs
  Sigmund (D:5)
  A wyvern (Lair:2)
  5 wraiths (Lair:6)
  6 spriggans (Lair:6)
  37 yaks
  2 basilisks
  4 nagas (Lair:2)
  Edmund (D:5)
  3 insubstantial wisps (Lair:3)
  12 water moccasins
  A soldier ant (D:8)
  7 porcupines
  4 orc warriors
  3 ice beasts
  A sky beast (D:8)
  2 black bears
  2 phantoms
  20 wolves
  An eye of draining (D:9)
  3 boggarts (Lair:6)
  4 centaurs
  3 ogres
  15 crocodiles
  A big kobold (D:9)
  16 bullfrogs
  2 scorpions
  6 killer bees (D:8)
  10 wights
  A howler monkey (D:6)
  6 crimson imps
  A bullfrog zombie (D:9)
  A jelly (D:6)
  A bullfrog skeleton (D:5)
  A gnoll shaman (D:5)
  2 orc priests
  Crazy Yiuf (D:3)
  5 orc wizards
  2 centaur skeletons
  Jessica (D:2)
  Ijyb (D:1)
  Terence (D:2)
  3 iguanas
  9 worker ants
  A killer bee zombie (D:6)
  A hound zombie (D:5)
  A hound skeleton (D:6)
  2 howler monkey skeletons
  4 gnolls (D:5)
  14 adders
  4 shadow imps
  2 oozes
  An adder skeleton (D:4)
  5 worms
  4 dart slugs
  4 leopard geckos
  20 orcs
  3 ball pythons
  5 bats
  A bat zombie (D:3)
  8 giant cockroaches
  13 goblins
  4 hobgoblins
  9 jackals
  5 quokkas
  2 frilled lizards
  9 kobolds
  2 quokka skeletons
  6 rats
  2 fungi (D:3)
408 creatures vanquished.

Vanquished Creatures (others)
  8 fungi
  3 plants
11 creatures vanquished.

Grand Total: 419 creatures vanquished

Notes
Turn   | Place    | Note
-------+----------+-------------------------------------------
     0 | D:1      | Kisielow the Gargoyle Fighter began the quest for the Orb.
     0 | D:1      | Reached XP level 1. HP: 14/14 MP: 1/1
     3 | D:1      | Noticed an electric eel
     3 | D:1      | Noticed an electric eel
    78 | D:1      | Reached XP level 2. HP: 16/19 MP: 2/2
   209 | D:1      | Reached skill level 3 in Maces & Flails
   363 | D:1      | Reached XP level 3. HP: 19/23 MP: 3/3
   615 | D:2      | Noticed Ijyb
   623 | D:2      | Paralysed by Ijyb for 3 turns
   628 | D:1      | Paralysed by Ijyb for 6 turns
   636 | D:1      | Paralysed by Ijyb for 2 turns
   639 | D:1      | Paralysed by Ijyb for 4 turns
   648 | D:1      | Killed Ijyb
   648 | D:1      | Reached skill level 4 in Maces & Flails
   652 | D:1      | Reached XP level 4. HP: 18/28 MP: 4/4
   900 | D:2      | Noticed Jessica
   911 | D:2      | Killed Jessica
  1053 | D:2      | Reached XP level 5. HP: 32/32 MP: 5/5
  1471 | D:2      | Noticed Terence
  1490 | D:2      | Killed Terence
  2065 | D:3      | Found an ancient bone altar of Kikubaaqudgha.
  2190 | D:3      | Found a glowing golden altar of the Shining One.
  2382 | D:3      | Found a shimmering blue altar of Sif Muna.
  2498 | D:3      | Reached skill level 5 in Maces & Flails
  2683 | D:3      | Reached XP level 6. HP: 14/38 MP: 6/6
  3091 | D:3      | Found a runed translucent door.
  3092 | D:3      | Noticed Crazy Yiuf
  3110 | D:3      | Killed Crazy Yiuf
  3672 | D:4      | Noticed a phantom
  3706 | D:4      | Killed a phantom
  3706 | D:4      | Reached XP level 7. HP: 24/44 MP: 7/7
  4008 | D:4      | Got a bloodstained falchion
  4012 | D:4      | Identified the +1 falchion of Distant Shores {slice, rElec
                  | rPois Int-3 Dex+6} (You found it on level 4 of the Dungeon)
  4248 | D:4      | Noticed a moth of wrath
  4251 | D:4      | Found a bloodstained altar of Trog.
  4617 | D:5      | Entered Level 5 of the Dungeon
  4678 | D:5      | Reached skill level 6 in Maces & Flails
  4726 | D:5      | Noticed Sigmund
  4758 | D:5      | Killed Sigmund
  4758 | D:5      | Reached skill level 5 in Fighting
  4758 | D:5      | Reached skill level 5 in Armour
  4766 | D:5      | Reached skill level 5 in Shields
  4766 | D:5      | Reached XP level 8. HP: 45/49 MP: 8/8
  4976 | D:5      | Found a shimmering altar of Xom.
  4984 | D:5      | Found a shimmering altar of Xom.
  5084 | D:5      | Found a sacrificial altar of Ru.
  5142 | D:5      | Found a shimmering altar of Xom.
  5143 | D:5      | Found a shimmering altar of Xom.
  5211 | D:5      | Noticed Edmund
  5248 | D:5      | Killed Edmund
  5248 | D:5      | Reached skill level 7 in Maces & Flails
  5537 | D:5      | Upgraded the game from 0.24-a0-699-g5a66b1aa3b to
                  | 0.24-a0-736-g4e6fe308c7
  5798 | D:6      | Reached XP level 9. HP: 29/55 MP: 9/9
  5804 | D:6      | Reached skill level 8 in Maces & Flails
  6206 | D:6      | Found a burning altar of Makhleb.
  6440 | D:7      | Found a staircase to the Ecumenical Temple.
  6465 | Temple   | Entered the Ecumenical Temple
  6558 | Temple   | Became a worshipper of Qazlal Stormbringer
  6725 | D:7      | Noticed Joseph
  6742 | D:7      | Killed Joseph
  6784 | D:7      | Reached skill level 9 in Maces & Flails
  7307 | D:8      | Reached XP level 10. HP: 55/63 MP: 10/10
  7430 | D:8      | Reached * piety under Qazlal
  7710 | D:8      | Reached skill level 10 in Maces & Flails
  7985 | D:8      | Noticed a two-headed ogre
  7999 | D:8      | Killed a two-headed ogre
  8271 | D:8      | Found a burning altar of Makhleb.
  8402 | D:9      | Reached skill level 1 in Invocations
  8402 | D:9      | Reached skill level 1 in Evocations
  8418 | D:9      | Reached XP level 11. HP: 37/69 MP: 12/12
  8419 | D:9      | Reached ** piety under Qazlal
  9171 | D:9      | Noticed Maurice
  9188 | D:9      | Killed Maurice
  9402 | D:9      | Found a staircase to the Lair.
  9427 | D:9      | Reached skill level 5 in Invocations
  9895 | Lair:1   | Entered Level 1 of the Lair of Beasts
  9941 | Lair:1   | Got a crude long sword
  9942 | Lair:1   | Identified the +3 long sword of Perversion {elec, rN+
                  | Int+2} (You found it on level 1 of the Lair of Beasts)
  9943 | Lair:1   | Noticed Gastronok
  9966 | Lair:1   | Killed Gastronok
  9966 | Lair:1   | Reached skill level 5 in Evocations
 10002 | Lair:1   | You fall into a shaft and drop 1 floor!
 10020 | Lair:2   | Noticed a seven-headed hydra
 10025 | Lair:2   | Killed a seven-headed hydra
 10331 | Lair:2   | Reached XP level 12. HP: 75/75 MP: 17/17
 10415 | Lair:2   | Found a staircase to the Snake Pit.
 10581 | Lair:1   | Reached skill level 11 in Maces & Flails
 10587 | Lair:1   | Reached *** piety under Qazlal
 12172 | Lair:3   | Noticed a five-headed hydra
 12184 | Lair:3   | Killed a five-headed hydra
 12347 | Lair:3   | Reached skill level 12 in Maces & Flails
 12718 | Lair:3   | Found a staircase to the Swamp.
 12867 | Lair:4   | Noticed a six-headed hydra
 12875 | Lair:4   | Noticed a seven-headed hydra
 12884 | Lair:4   | Noticed a catoblepas
 12899 | Lair:3   | Killed a six-headed hydra
 13136 | Lair:3   | Killed a seven-headed hydra
 13136 | Lair:3   | Reached XP level 13. HP: 33/81 MP: 1/18
 13501 | Lair:4   | Reached skill level 10 in Fighting
 13501 | Lair:4   | Reached skill level 10 in Armour
 13642 | Lair:4   | Reached skill level 10 in Shields
 13743 | Lair:4   | Got an encrusted helmet
 13754 | Lair:4   | Identified the +1 helmet of Fedarchy {Str+7 Dex+4} (You
                  | found it on level 4 of the Lair of Beasts)
 14423 | Lair:5   | Reached **** piety under Qazlal
 14438 | Lair:5   | Reached skill level 13 in Maces & Flails
 15447 | Lair:6   | Entered Level 6 of the Lair of Beasts
 15451 | Lair:6   | Noticed Josephine
 15468 | Lair:6   | Killed Josephine
 16130 | Lair:6   | Gained mutation: Your large and strong wings let you fly
                  | indefinitely. [Gargoyle growth]
 16130 | Lair:6   | Reached XP level 14. HP: 90/90 MP: 19/19
 16235 | Lair:6   | Found a staircase to the Slime Pits.
 16245 | Lair:6   | Splashed by an oklob plant's acid

Levels and vault maps discovered:
D:1:      arrival_aquarium_b, layout_rooms, serial_bayou_pond_a, nrook_campfire,
          eino_curves_04
D:2:      kennysheep_the_goblin_king, layout_basic, lemuel_another_geyser,
          uniq_terence, uniq_jessica
D:3:      layout_loops_ring, old_standard_altar, tso_altar,
          lemuel_zombie_altar_kikubaaqudgha, uniq_crazy_yiuf_cottage
D:4:      layout_basic, tgw_trog
D:5:      layout_rooms, lemuel_coloured_pillars_altar, gup_sewer_entry_bubbles,
          first_ration, xom_redecorated, uniq_sigmund, uniq_edmund
D:6:      layout_loops_ring, basic_altar
D:7:      layout_loops_cross, minmay_temple_entry_arrows, uniq_joseph
D:8:      layout_rooms, makhleb_altar_promises_db, hangedman_pestilent_swarm,
          minmay_increasing_density
D:9:      layout_gridville, david_lair_shrubbed, fountainhead,
          minmay_misc_feat_rugged, uniq_maurice
Temple:   eino_temple_rhombus
Lair:1:   layout_cave_pods, lemuel_fruit_fields, uniq_gastronok
Lair:2:   layout_concentric_octagons, guppyfry_snake_entry_island, minivault_19,
          serial_bayou_shore_b
Lair:3:   layout_concentric_octagons, minmay_swamp_entry_wisps
Lair:4:   layout_hall_layers, bh_chokoban
Lair:5:   layout_cave_pods
Lair:6:   minmay_lair_end_enchanted_forest, layout_big_grid,
          minmay_slime_entry_oklob_open, minivault_19, grunt_megastairs_2,
          uniq_josephine

Skill      XL: |  1  2  3  4  5  6  7  8  9 10 11 12 13 14 |
---------------+-------------------------------------------+-----
Maces & Flails | 3 4 5 6 7 9 10 12 13 | 13.9
Fighting       | 4 5 6 7 8 9 11 | 11.1
Armour         | 4 5 6 7 8 9 10 11 | 11.0
Shields        | 4 5 6 7 8 9 10 11 | 11.0
Invocations    | 2 7 |  7.1
Evocations     | 1 6 7 |  7.0

Action                   |  1- 3 |  4- 6 |  7- 9 | 10-12 | 13-15 || total
-------------------------+-------+-------+-------+-------+-------++-------
Melee: Flail             |    85 |   276 |   522 |   966 |   426 ||  2275
Invok: Upheaval          |       |       |       |     3 |     7 ||    10
Evoke: Wand              |       |       |       |     6 |       ||     6
       Lightning rod     |       |       |       |       |     4 ||     4
  Use: Scroll            |       |       |    15 |     7 |     4 ||    26
       Potion            |       |       |     2 |     3 |       ||     5
 Stab: Paralysed         |       |       |       |     7 |       ||     7
       Petrified         |       |       |       |       |     2 ||     2
  Eat: Chunk             |       |     6 |    13 |    16 |     7 ||    42
       Ration            |       |     1 |       |     1 |     1 ||     3
Armor: Scale mail        |    96 |    72 |       |       |       ||   168
       Chain mail        |       |    71 |   107 |       |       ||   178
       Plate armour      |       |       |   183 |   649 |   184 ||  1016
Dodge: Dodged            |    37 |    71 |   121 |   219 |    75 ||   523
       Deflected         |       |       |       |       |     1 ||     1
Block: Shield            |    79 |   124 |   280 |   880 |   437 ||  1800

Table legend:
 A = Non-vault XP
 B = Vault XP
 C = Vault XP percentage of total XP
 D = Non-vault monster count
 E = Vault monster count
 F = Vault count percentage of total count
                 A         B        C        D         E       F
            +---------+---------+-------+---------+---------+-------
      Total |   42584 |   14421 |  25.3 |     324 |      82 |  20.2
            +---------+---------+-------+---------+---------+-------
        D:1 |      39 |      40 |  50.6 |      16 |       3 |  15.8
        D:2 |     101 |      81 |  44.5 |      27 |       6 |  18.2
        D:3 |      75 |      43 |  36.4 |      14 |       2 |  12.5
        D:4 |     375 |      21 |   5.3 |      13 |       5 |  27.8
        D:5 |     475 |     428 |  47.4 |      19 |       9 |  32.1
        D:6 |    1317 |       0 |   0.0 |      30 |       0 |   0.0
        D:7 |    1031 |     445 |  30.1 |      17 |       1 |   5.6
        D:8 |    3374 |     935 |  21.7 |      33 |       9 |  21.4
        D:9 |    3264 |     819 |  20.1 |      30 |       2 |   6.2
     Lair:1 |    5353 |    2151 |  28.7 |      28 |       1 |   3.4
     Lair:2 |    2667 |     649 |  19.6 |      10 |       4 |  28.6
     Lair:3 |    7521 |     476 |   6.0 |      22 |       3 |  12.0
     Lair:4 |    7580 |       0 |   0.0 |      26 |       0 |   0.0
     Lair:5 |    3843 |       0 |   0.0 |      20 |       0 |   0.0
     Lair:6 |    5569 |    8333 |  59.9 |      19 |      37 |  66.1
            +---------+---------+-------+---------+---------+-------
